 Dungeon Crawl Stone Soup version 0.30-a0-757-ga6a79fd877 (webtiles) character file.

Game seed: 12542460295108527829

139794 boo the Spry (level 17, -3/234 HPs)
             Began as a Merfolk Gladiator on Feb 9, 2023.
             Was a High Priest of Okawaru.
             Slain by a kraken (36 damage)
             ... on level 3 of the Shoals.
             The game lasted 01:28:24 (28565 turns).

boo the Spry (Merfolk Gladiator)                   Turns: 28565, Time: 01:28:25

Health: -3/234     AC: 18    Str: 23    XL:     17   Next: 29%
Magic:  3/5        EV: 26    Int: 14    God:    Okawaru [*****.]
Gold:   2012       SH:  6    Dex: 17    Spells: 16/16 levels left

rFire   + . .      SeeInvis +    a - +12 trident "Goblinbane" {antimagic, Int+7 SInv Stlth-}
rCold   + + +      Faith    .    i - +0 buckler
rNeg    . . .      Spirit   .    E - +7 Kryia's mail coat {PotionHeal*2 rC+}
rPois   .          Reflect  .    c - +0 helmet
rElec   .          Harm     .    Q - scarf {rC+ rF+}
rCorr   +          Rampage  .    o - +3 pair of gauntlets of War {Slay+5}
Will    ++...                    (boots currently unavailable) Stlth
                                 g - amulet of regeneration
HPRegen 1.39/turn                k - ring of willpower
MPRegen 0.09/turn                w - ring "Liol" {rC+ rCorr Str+2}

@: mighty, berserking (expiring), studying 2 skills, very quick
A: nimble swimmer 2, mertail
a: Renounce Religion, Heroism, Finesse, Duel


You were on level 3 of the Shoals.
You worshipped Okawaru.
Okawaru was extremely pleased with you.
You visited 6 branches of the dungeon, and saw 27 of its levels.
You also visited: Ice Cave.

You collected 4500 gold pieces.
You spent 2488 gold pieces at shops.

Inventory:

Hand Weapons
 a - the +12 trident "Goblinbane" (weapon) {antimagic, Int+7 SInv Stlth-}
   (You bought it in a shop on level 10 of the Dungeon)

   Int:       It affects your intelligence (+7).
   SInv:      It lets you see invisible.
   Stlth:     It makes you less stealthy.
 b - a +1 trident of freezing
Missiles
 e - 11 javelins (quivered)
 K - 13 atropa-tipped darts
 U - a datura-tipped dart
 V - 7 silver javelins
Armour
 c - a +0 helmet (worn)
 i - a +0 buckler (worn)
 n - the +2 pair of boots of Jocular the Leaf (melded) {Rampage Regen+ Str+4}
   (You found it on level 3 of the Dungeon)

   Str:       It affects your strength (+4).
   Regen:     It increases your rate of health regeneration.
   Rampage:   It bestows one free step when moving towards enemies.
 o - the +3 pair of gauntlets of War (worn) {Slay+5}
   (You acquired it on level 1 of the Lair of Beasts)

   Slay:      It affects your accuracy & damage with ranged weapons and melee
   (+5).
 E - the +7 Kryia's mail coat (worn) {PotionHeal*2 rC+}
   (You found it on level 2 of the Lair of Beasts)

   PotionHeal*2: Potions heal its wearer twice as much.
   rC:        It protects you from cold.
 Q - a scarf of resistance (worn)
 S - a +1 leather armour of poison resistance
Jewellery
 g - an amulet of regeneration (around neck)
 k - a ring of willpower (left hand)
 l - a +5 ring of evasion
 u - the ring of the Curious Persimmons {*Corrode rPois Str+5}
   (You found it on level 2 of the Shoals)

   [ring of poison resistance]

   Str:       It affects your strength (+5).
   rPois:     It protects you from poison.
   *Corrode:  It may corrode you when you take damage.
 w - the ring "Liol" (right hand) {rC+ rCorr Str+2}
   (You found it on level 5 of the Dungeon)

   [ring of resist corrosion]

   Str:       It affects your strength (+2).
   rC:        It protects you from cold.
   rCorr:     It protects you from acid and corrosion.
 x - a +6 ring of strength
Wands
 d - a wand of acid (14)
 p - a wand of flame (2)
 r - a wand of polymorph (13)
 s - a wand of roots (13)
 J - a wand of digging (3)
 P - a wand of mindburst (19)
Scrolls
 j - 9 scrolls of teleportation
 t - a scroll of identify
 v - a scroll of acquirement
 C - 4 scrolls of fog
 I - 2 scrolls of silence
 R - 5 scrolls of blinking
 T - 3 scrolls of poison
 W - 2 scrolls of magic mapping
 Z - 3 scrolls of noise {unknown}
Potions
 f - 3 potions of lignification
 h - 4 potions of heal wounds
 m - 4 potions of flight
 q - 4 potions of cancellation
 z - 5 potions of curing
 A - a potion of haste
 F - a potion of brilliance
 G - a potion of magic {unknown}
 H - 2 potions of might


   Skills:
 * Level 20.3 Fighting
 - Level 16.3 Polearms
 + Level 14.0 Throwing
 + Level 20.4 Dodging
 - Level 8.2 Stealth
 + Level 6.3 Shields


You had 16 spell levels left.
You didn't know any spells.
Your spell library contained the following spells:

 Spells                   Type           Power      Damage    Failure   Level
 Slow                     Hex            0%         N/A       69%         1
 Sting                    Tmut/Pois      0%         1d3       69%         1
 Ensorcelled Hibernation  Hex/Ice        0%         N/A       83%         2
 Poisonous Vapours        Pois/Air       0%         N/A       83%         2
 Scorch                   Fire           0%         2d5       83%         2
 Confusing Touch          Hex            0%         N/A       96%         3
 Ignite Poison            Fire/Tmut/Pois 0%         N/A       96%         3
 Spider Form              Tmut/Pois      0%         N/A       96%         3
 Vampiric Draining        Necr           0%         2d6       96%         3
 Airstrike                Air            0%         2d(0-16)  100%        4
 Anguish                  Hex/Necr       0%         N/A       100%        4
 Flame Wave               Conj/Fire      0%         2d4       100%        4
 Leda's Liquefaction      Hex/Erth       0%         N/A       100%        4
 Olgreb's Toxic Radiance  Pois           0%         N/A       100%        4
 Passage of Golubria      Tloc           0%         N/A       100%        4
 Sticky Flame             Conj/Fire      0%         2d3       100%        4
 Alistair's Intoxication  Tmut/Pois      0%         N/A       100%        5
 Borgnjor's Vile Clutch   Necr/Erth      0%         N/A       100%        5
 Freezing Cloud           Conj/Ice/Air   0%         6-21      100%        5
 Lee's Rapid Deconstruct  Erth           0%         3d4*      100%        5
 Lightning Bolt           Conj/Air       0%         1d11      100%        5
 Silence                  Hex/Air        0%         N/A       100%        5
 Yara's Violent Unravell  Hex/Tmut       0%         3d3       100%        5
 Eringya's Noxious Bog    Tmut/Pois      0%         N/A       100%        6
 Statue Form              Tmut/Erth      0%         N/A       100%        6
 Ignition                 Fire           0%         3d3       100%        8
 Lehudib's Crystal Spear  Conj/Erth      0%         10d2      100%        8
 Polar Vortex             Ice            0%         N/A       100%        9
 Tukima's Dance           Hex            Unusable   N/A       N/A         3
 Summon Lightning Spire   Summ/Air       Unusable   N/A       N/A         4
 Simulacrum               Ice/Necr       Unusable   N/A       N/A         6
 Summon Cactus Giant      Summ           Unusable   N/A       N/A         6

Dungeon Overview and Level Annotations

Branches:
Dungeon (15/15)            Temple (1/1) D:6            Lair (5/5) D:11
 Shoals (3/4) Lair:3        Snake (1/4) Lair:3        Slime (0/5) Lair:4
    Orc (2/2) D:10            Elf (0/3) Orc:2        Vaults (0/5) D:13
 Depths (0/4) D:15          IceCv (visited)

Altars:
Ashenzari
Cheibriados
Dithmenos
Elyvilon
Gozag
Hepliaklqana
Kikubaaqudgha
Makhleb
Okawaru
Qazlal
Sif Muna
Uskayaw
Wu Jian
Yredelemnul
The Shining One

Shops:
D:1 *   D:4 ?::*(   D:10 [**?:([[   D:11 !   Orc:2 [[=?=   Snake:1 (

Annotations:
D:4 exclusion: downstairs
D:13 1 transporter
Lair:2 exclusion: downstairs
Lair:4 exclusion: downstairs
Shoals:1 Roxanne


Innate Abilities, Weirdness & Mutations

You are very nimble when in or above water. (Stealth+, EV+, Speed+++)
Your lower body shifts to a powerful aquatic tail in water.


Message History

The tentacle completely misses you. The tentacle barely misses you. x2
The kraken misses you. The tentacle slaps you!
You puncture the kraken! You tail-slap the kraken.
The kraken is heavily wounded.
The tentacle slaps you but does no damage.
The tentacle closely misses you. The tentacle misses you.
You hit the kraken but do no damage.
The kraken is heavily wounded.
The tentacle slaps you but does no damage.
The kraken misses you.
You puncture the kraken! You tail-slap the kraken!
The kraken is severely wounded.
The tentacle misses you. The tentacle closely misses you.
The tentacle barely misses you.
The tentacle slaps you but does no damage.
You hit the kraken. You tail-slap the kraken!
The kraken is severely wounded.
The kraken bites you! You block the tentacle's attack.
The tentacle completely misses you. The tentacle slaps you!
* * * LOW HITPOINT WARNING * * *
The tentacle slaps you!
* * * LOW HITPOINT WARNING * * *
You impale the kraken!!
The kraken is almost dead.
The tentacle closely misses you. The tentacle slaps you!
* * * LOW HITPOINT WARNING * * *
You block the kraken's attack. The tentacle completely misses you.
You block the tentacle's attack.
You hit the kraken.
The kraken is almost dead.
You hit the kraken but do no damage. You tail-slap the kraken!
The kraken is almost dead.
You feel like a meek peon again. The tentacle completely misses you.
You block the tentacle's attack. The tentacle slaps you!
* * * LOW HITPOINT WARNING * * *
The tentacle slaps you.
* * * LOW HITPOINT WARNING * * *
The kraken bites you!!!
You die...

######################
≈≈≈≈≈≈≈≈≈≈≈≈≈≈≈≈≈≈≈≈≈≈≈
≈≈≈≈≈≈≈≈≈≈≈≈≈≈≈≈≈≈≈≈≈≈≈
≈≈≈≈≈≈≈≈≈≈≈≈≈≈≈≈≈≈≈≈≈≈≈
≈≈≈≈≈≈≈≈≈≈≈≈≈≈≈≈≈≈≈≈≈≈≈
≈≈≈≈≈≈≈≈≈≈≈≈≈≈≈≈≈≈≈≈≈≈≈
≈≈≈≈≈≈≈≈≈≈≈≈≈≈≈≈≈≈≈≈≈≈≈
≈≈≈≈≈≈≈≈≈≈≈≈≈≈≈ww≈≈≈≈≈≈
≈≈≈≈≈≈≈≈≈≈≈≈≈≈≈@X≈≈≈≈≈≈
≈≈≈≈≈≈≈≈≈≈≈≈≈≈w≈w≈≈≈≈≈≈
≈≈≈≈≈≈≈≈≈≈≈≈≈≈≈≈≈≈≈≈≈≈≈
≈≈≈≈≈≈≈≈≈≈≈≈≈≈≈≈≈≈≈≈≈≈≈
≈≈≈≈≈≈≈≈≈≈≈≈≈≈≈≈≈≈≈~~~~
≈≈≈≈≈≈≈≈≈≈≈≈≈≈≈≈~~~~~~~
≈≈≈≈≈≈≈≈≈≈≈≈~~~~~~~~~~~
≈≈≈≈≈≈≈≈≈≈≈~~~~~~~~....
≈≈≈≈≈≈≈≈≈≈≈~...


You could see a kraken and 4 tentacles.

Vanquished Creatures
  Agnes (D:15)
  A tengu reaver (D:14)
  Louise (D:15)
  A reaper (IceCv)
  A dire elephant (D:15)
  Azrael (Orc:1)
  3 merfolk impalers
  2 merfolk avatars (Shoals:3)
  5 hydras
  Fannar (Lair:3)
  3 catoblepae (Lair:5)
  3 boulder beetles
  2 dancing weapons (D:13)
  A merfolk aquamancer (Shoals:2)
  3 two-headed ogres (D:11)
  2 naga warriors (Lair:3)
  3 centaur warriors
  19 death yaks
  2 satyrs (Shoals:3)
  3 orc high priests (Orc:2)
  3 skeletal warriors (D:12)
  10 sea snakes
  An orange crystal statue (D:13)
  A lindwurm (Lair:3)
  21 harpies
  2 deep elf pyromancers
  A mana viper (Lair:3)
  A wolf spider (D:15)
  19 fauns
  7 orc knights
  12 manticores
  9 ugly things (D:14)
  6 orc sorcerers
  13 cyclopes
  2 salamanders
  An elephant (shapeshifter) (D:15)
  4 water nymphs
  7 merfolk sirens
  2 ice statues (IceCv)
  14 elephants
  5 black mambas
  A molten gargoyle (D:14)
  A naga mage (Lair:3)
  A gargoyle (D:13)
  An unseen horror (shapeshifter) (D:15)
  A torpor snail (Lair:5)
  8 cane toads
  A freezing wraith (IceCv)
  2 kobold demonologists
  6 rime drakes
  5 ice devils (IceCv)
  5 komodo dragons
  2 efreet (D:14)
  A tengu conjurer (D:13)
  7 trolls
  6 merfolk
  7 wind drakes
  A polar bear (Lair:4)
  Grinder (D:6)
  A hornet (D:7)
  16 blink frogs
  10 snapping turtles
  14 dream sheep
  14 slime creatures
  Sigmund (D:6)
  A shadow (D:10)
  A vampire (D:13)
  5 water elementals
  9 wyverns
  2 dire elephant simulacra (IceCv)
  38 yaks
  2 wraiths
  4 fire elementals
  2 basilisks
  3 death yak simulacra (IceCv)
  A steam dragon (D:9)
  2 nagas (Lair:3)
  3 wargs
  Edmund (D:5)
  A hydra simulacrum (IceCv)
  21 water moccasins
  3 acid dragons
  Duvessa (D:5)
  3 hell hounds
  Pargi (D:3)
  A swamp drake (D:10)
  33 orc warriors
  A sky beast (D:7)
  7 ogres
  3 black bears
  17 wolves
  11 centaurs
  2 phantoms
  12 bullfrogs
  4 gnoll sergeants
  3 kobold brigands
  A two-headed ogre simulacrum (IceCv)
  3 necrophages
  3 scorpions
  A hornet simulacrum (D:14)
  Dowan (D:5)
  11 killer bees
  3 elephant simulacra (IceCv)
  5 howler monkeys
  3 electric eels (Lair:4)
  26 orc priests
  2 hounds
  4 jellies
  Crazy Yiuf (D:3)
  3 iguanas
  28 orc wizards
  2 spriggan simulacra (IceCv)
  7 hell rats (Lair:2)
  Terence (D:2)
  2 troll simulacra (IceCv)
  Robin (D:2)
  20 gnolls
  5 adders
  4 naga simulacra (IceCv)
  A shadow imp (D:7)
  3 white imps (IceCv)
  2 ufetubi (IceCv)
  3 worms
  A dart slug (D:2)
  105 orcs
  6 bats
  9 endoplasms
  8 giant cockroaches
  9 goblins
  6 hobgoblins
  2 jackals (D:1)
  27 kobolds
  4 quokkas
  8 ball pythons
  8 frilled lizards
  4 rats
853 creatures vanquished.

Vanquished Creatures (others)
  An orc wizard (Orc:2)
  35 fungi
  81 plants
117 creatures vanquished.

Grand Total: 970 creatures vanquished

Notes
Turn   | Place    | Note
-------+----------+-------------------------------------------
     0 | D:1      | boo the Merfolk Gladiator began the quest for the Orb.
     0 | D:1      | Reached XP level 1. HP: 16/16 MP: 1/1
   165 | D:1      | Reached XP level 2. HP: 23/23 MP: 2/2
   256 | D:1      | Found Cituupaudi's Assorted Antiques.
   475 | D:1      | Reached XP level 3. HP: 28/28 MP: 3/3
   628 | D:1      | Reached skill level 5 in Polearms
  1058 | D:2      | Noticed Terence
  1063 | D:2      | Killed Terence
  1064 | D:2      | Reached XP level 4. HP: 25/35 MP: 4/4
  1153 | D:2      | Noticed Robin
  1173 | D:2      | Killed Robin
  1470 | D:2      | Reached skill level 5 in Dodging
  1470 | D:2      | Reached XP level 5. HP: 29/41 MP: 5/5
  2103 | D:3      | Identified the +2 pair of boots of Jocular the Leaf
                  | {Rampage Regen+ Str+4}
  2211 | D:3      | Found a faded altar of an unknown god.
  2228 | D:3      | Noticed Pargi
  2238 | D:3      | Killed Pargi
  2239 | D:3      | Reached XP level 6. HP: 36/48 MP: 6/6
  2652 | D:3      | Found a runed translucent door.
  2653 | D:3      | Noticed Crazy Yiuf
  2844 | D:3      | Found a broken altar of Ashenzari.
  2902 | D:3      | Killed Crazy Yiuf
  3044 | D:4      | Found Ridel's Book Shop.
  3125 | D:4      | Reached XP level 7. HP: 55/55 MP: 7/7
  3149 | D:4      | Found Jitoqoac's General Store.
  3195 | D:4      | Found a stormy altar of Qazlal.
  3257 | D:4      | Found Itudoosau's Magic Scroll Shoppe.
  3262 | D:4      | Bought a scroll of identify for 26 gold pieces
  3354 | D:4      | Found Hifec's Weapon Shoppe.
  3359 | D:4      | Identified the +3 long sword "Ytaghyfe" {heavy, +Blink
                  | Dex+2}
  3418 | D:4      | Found Aducuc's Book Boutique.
  3585 | D:5      | Entered Level 5 of the Dungeon
  3598 | D:5      | Noticed Edmund
  3622 | D:5      | Killed Edmund
  3692 | D:5      | Found a hazy altar of Hepliaklqana.
  3730 | D:5      | Identified the ring "Liol" {rC+ rCorr Str+2}
  3780 | D:5      | Reached skill level 5 in Fighting
  3830 | D:5      | Found a burning altar of Makhleb.
  3893 | D:5      | Reached XP level 8. HP: 62/62 MP: 8/8
  3893 | D:5      | Noticed Duvessa
  3893 | D:5      | Noticed Dowan
  3913 | D:5      | Killed Duvessa
  4159 | D:5      | Killed Dowan
  4172 | D:5      | Found a glowing golden altar of the Shining One.
  4275 | D:6      | Reached skill level 10 in Polearms
  4521 | D:6      | Found a staircase to the Ecumenical Temple.
  4565 | Temple   | Entered the Ecumenical Temple
  4621 | Temple   | Became a worshipper of Warmaster Okawaru
  4740 | D:6      | Reached XP level 9. HP: 63/70 MP: 9/9
  4760 | D:6      | Noticed Sigmund
  4768 | D:6      | Killed Sigmund
  4785 | D:6      | Noticed Grinder
  4788 | D:6      | Reached * piety under Okawaru
  4991 | D:6      | Killed Grinder
  5292 | D:7      | Noticed a hornet
  5305 | D:7      | Killed a hornet
  5318 | D:7      | Reached skill level 1 in Shields
  5354 | D:7      | Found a basalt altar of Yredelemnul.
  5432 | D:7      | Found a white marble altar of Elyvilon.
  5433 | D:7      | Found an ancient bone altar of Kikubaaqudgha.
  5809 | D:8      | Reached XP level 10. HP: 80/80 MP: 10/10
  5838 | D:8      | Identified the +5 whip of Idanohuf {speed, rF+ rCorr}
  6012 | D:8      | Reached ** piety under Okawaru
  6145 | D:8      | Reached skill level 10 in Dodging
  6161 | D:8      | Found a snail-covered altar of Cheibriados.
  6300 | D:8      | Found an opulent altar of Gozag.
  6580 | D:9      | Identified the +8 lajatang "Ygioth" {freeze, rF+ rCorr}
  6946 | D:9      | Reached *** piety under Okawaru
  7370 | D:10     | Entered Level 10 of the Dungeon
  7370 | D:10     | Found Runomina's Antique Armour Boutique.
  7417 | D:10     | Found Rusoani's Assorted Antiques.
  7451 | D:10     | Found Kuenog's General Store.
  7635 | D:10     | Found Loidyih's Book Emporium.
  7642 | D:10     | Reached **** piety under Okawaru
  7654 | D:10     | Found Biqior's Antique Weapon Shoppe.
  7656 | D:10     | Found Mydonki's Antique Armour Emporium.
  7658 | D:10     | Found Etwizum's Armour Boutique.
  7688 | D:10     | Found a hide-covered altar of Uskayaw.
  7709 | D:10     | Bought an ancient trident for 255 gold pieces
  7709 | D:10     | Identified the +12 trident "Goblinbane" {antimagic, Int+7
                  | SInv Stlth-} (You bought it in a shop on level 10 of the
                  | Dungeon)
  7722 | D:10     | Noticed a kobold demonologist
  7742 | D:10     | Killed a kobold demonologist
  7743 | D:10     | Reached XP level 11. HP: 87/87 MP: 3/11
  7758 | D:10     | Found Daapev's Magic Scroll Boutique.
  8021 | D:10     | Reached skill level 15 in Polearms
  8142 | D:10     | Found a staircase to the Orcish Mines.
  8447 | D:10     | Bought a glowing scarf for 264 gold pieces
  8571 | D:11     | Noticed a two-headed ogre
  8580 | D:11     | Killed a two-headed ogre
  8581 | D:11     | Reached skill level 5 in Shields
  8601 | D:11     | Found Kioss's Distillery.
  8622 | D:11     | Noticed a two-headed ogre
  8634 | D:11     | Killed a two-headed ogre
  8685 | D:11     | Found a staircase to the Lair.
  8695 | D:11     | Reached ***** piety under Okawaru
  8710 | D:11     | Noticed a boulder beetle
  8749 | D:11     | Killed a boulder beetle
  8946 | D:11     | Noticed a two-headed ogre
  8952 | D:11     | Killed a two-headed ogre
  9007 | D:11     | Noticed a boulder beetle
  9029 | D:11     | Killed a boulder beetle
  9851 | Lair:1   | Entered Level 1 of the Lair of Beasts
  9906 | Lair:1   | Reached skill level 10 in Fighting
  9907 | Lair:1   | Received a gift from Okawaru
  9913 | Lair:1   | Reached XP level 12. HP: 94/97 MP: 4/12
 10093 | Lair:1   | Received a gift from Okawaru
 10345 | Lair:1   | Reached skill level 1 in Stealth
 10815 | Lair:2   | Reached ****** piety under Okawaru
 10853 | Lair:2   | Reached skill level 5 in Throwing
 11141 | Lair:2   | Found a frozen archway.
 11143 | Lair:2   | Noticed a five-headed hydra
 11151 | Lair:2   | Killed a five-headed hydra
 11151 | Lair:2   | Identified the +2 pair of gloves of the Worm {Harm rC-
                  | SInv} (Okawaru gifted it to you on level 2 of the Lair of
                  | Beasts)
 11151 | Lair:2   | Received a gift from Okawaru
 11157 | IceCv    | Entered an ice cave
 11401 | IceCv    | Noticed a reaper
 11412 | IceCv    | Killed a reaper
 11811 | Lair:2   | Found the +7 Kryia's mail coat {PotionHeal*2 rC+}
 12391 | Lair:3   | Reached XP level 13. HP: 100/109 MP: 2/13
 12437 | Lair:3   | Reached skill level 5 in Stealth
 12440 | Lair:3   | Identified the +1 spear of Salt {spect, Stlth+} (Okawaru
                  | gifted it to you on level 3 of the Lair of Beasts)
 12440 | Lair:3   | Received a gift from Okawaru
 12500 | Lair:3   | Found a staircase to the Shoals.
 12664 | Lair:3   | Found a staircase to the Snake Pit.
 12668 | Lair:3   | Noticed Fannar
 12678 | Lair:3   | Killed Fannar
 12755 | Lair:3   | Identified the +2 ring mail "Ezocu" {Str+3 Stlth+} (Okawaru
                  | gifted it to you on level 3 of the Lair of Beasts)
 12755 | Lair:3   | Received a gift from Okawaru
 13406 | Lair:4   | Found a staircase to the Slime Pits.
 14193 | Lair:5   | Entered Level 5 of the Lair of Beasts
 14358 | Lair:4   | Reached XP level 14. HP: 94/120 MP: 2/14
 14371 | Lair:4   | Received a gift from Okawaru
 14562 | Lair:4   | Reached skill level 15 in Dodging
 15145 | Lair:5   | Received a gift from Okawaru
 15532 | Lair:4   | Reached skill level 15 in Fighting
 15621 | Lair:5   | Received a gift from Okawaru
 15810 | Lair:5   | Received a gift from Okawaru
 16559 | Lair:5   | Received a gift from Okawaru
 17060 | Lair:5   | Identified the +2 flail of Youthful Indiscretion {speed,
                  | Drain rN+ Will++ Str+3}
 17361 | Orc:1    | Entered Level 1 of the Orcish Mines
 17627 | Orc:2    | Entered Level 2 of the Orcish Mines
 17636 | Orc:2    | Noticed Azrael
 17799 | Orc:1    | Killed Azrael
 17799 | Orc:1    | Received a gift from Okawaru
 18001 | Orc:2    | Reached XP level 15. HP: 120/132 MP: 5/15
 18017 | Orc:2    | Found Safimua's Jewellery Boutique.
 18040 | Orc:2    | Found a staircase to the Elven Halls.
 18735 | Orc:2    | Found Kehuz's Jewellery Emporium.
 18917 | Orc:2    | Received a gift from Okawaru
 18971 | Orc:2    | Reached skill level 10 in Throwing
 18979 | Orc:2    | Paralysed by an orc sorcerer for 4 turns
 18986 | Orc:2    | Found Jouruehe's Magic Scroll Emporium.
 19005 | Orc:2    | Received a gift from Okawaru
 19044 | Orc:2    | Found Tihyb's Armour Shop.
 19049 | Orc:2    | Found Zuosh's Armour Shop.
 19348 | D:10     | Bought the +2 hat of the Bear Spirit {Spirit, Bear, *Rage
                  | Will++} for 802 gold pieces
 19348 | D:10     | Found the +2 hat of the Bear Spirit {Spirit, Bear, *Rage
                  | Will++}
 19376 | D:10     | Bought a scroll labelled GOPRYC ABBOUT for 36 gold pieces
 19376 | D:10     | Bought a forked gold wand for 144 gold pieces
 19376 | D:10     | Bought a scroll of identify for 72 gold pieces
 19499 | D:4      | Bought a scroll of identify for 26 gold pieces
 19499 | D:4      | Bought a scroll of teleportation for 39 gold pieces
 19499 | D:4      | Bought a scroll of blinking for 97 gold pieces
 19499 | D:4      | Bought a scroll of magic mapping for 97 gold pieces
 19616 | D:1      | Bought a scroll of identify for 56 gold pieces
 19616 | D:1      | Bought a scroll of identify for 56 gold pieces
 19616 | D:1      | Bought a potion of heal wounds for 140 gold pieces
 19616 | D:1      | Bought a scroll labelled IZEYCS WIGGUY for 28 gold pieces
 19616 | D:1      | Identified 5 scrolls of acquirement
 20149 | D:12     | Found an ornate altar of the Wu Jian Council.
 20863 | D:13     | Found a transporter.
 20994 | D:13     | Found a transporter.
 21312 | D:13     | Found a gate to the Vaults.
 21658 | D:13     | Received a gift from Okawaru
 22119 | D:14     | Noticed a tengu reaver
 22130 | D:14     | Killed a tengu reaver
 22506 | D:14     | Received a gift from Okawaru
 22803 | D:14     | Received a gift from Okawaru
 23079 | D:15     | Entered Level 15 of the Dungeon
 23117 | D:15     | Found a hide-covered altar of Uskayaw.
 23218 | D:15     | Noticed Agnes
 23224 | D:15     | Received a gift from Okawaru
 23230 | D:15     | Reached XP level 16. HP: 143/143 MP: 4/16
 23635 | D:15     | Found a staircase to the Depths.
 23688 | D:15     | Noticed Louise
 23724 | D:15     | Killed Louise
 24330 | D:15     | Killed Agnes
 24488 | Lair:1   | Acquired a manual of Dodging
 24490 | Lair:1   | Acquired 936 gold pieces
 24492 | Lair:1   | Acquired 657 gold pieces
 24494 | Lair:1   | Acquired a manual of Throwing
 24496 | Lair:1   | Acquired the +3 pair of gauntlets of War {Slay+5}
 24496 | Lair:1   | Found the +3 pair of gauntlets of War {Slay+5}
 24631 | Snake:1  | Entered Level 1 of the Snake Pit
 24631 | Snake:1  | Found Ikkut's Weapon Shop.
 25174 | Orc:2    | Bought a ring of willpower for 350 gold pieces
 25514 | Shoals:1 | Entered Level 1 of the Shoals
 25625 | Shoals:1 | Noticed Roxanne
 25867 | Shoals:1 | Received a gift from Okawaru
 26254 | Shoals:1 | Received a gift from Okawaru
 26498 | Shoals:1 | Received a gift from Okawaru
 27284 | Shoals:2 | Received a gift from Okawaru
 27410 | Shoals:2 | Identified the ring of the Curious Persimmons {*Corrode
                  | rPois Str+5}
 27734 | Shoals:3 | Received a gift from Okawaru
 27735 | Shoals:3 | Reached XP level 17. HP: 90/155 MP: 3/17
 27841 | Shoals:3 | Received a gift from Okawaru
 28466 | Shoals:3 | Identified the +10 falchion of Imminent Death {speed, Int-4
                  | Dex+2 Stlth+}
 28543 | Shoals:3 | Noticed a kraken
 28565 | Shoals:3 | Slain by a kraken

Illustrated notes

Levels and vault maps discovered:
D:1:      lightli_arrival_flooded_house, layout_basic, serial_shops, shop,
          chequers_jeans, minivault_23, minmay_worlds_worst_comb
D:2:      layout_loops_ring, uniq_terence, uniq_robin
D:3:      layout_loops_corners, nicolae_overflow_ecumenical_swirl,
          grunt_decor_cap, kennysheep_generic_room_14, uniq_crazy_yiuf_cottage,
          uniq_pargi
D:4:      layout_basic, lemuel_doored_altar, serial_shops,
          nicolae_shop_window_shopping, shop_coins, shop, shop,
          nicolae_shop_hallway_plus, chequers_serial_rivers_small_b
D:5:      layout_cave_pools, mainiacjoe_overflow_chevrons,
          amcnicky_altar_gilded, tso_oasis_becter, eino_tiny_chamber,
          grunt_ministairs_4, skrybe_limestone_x, uniq_edmund, uniq_duvessa
D:6:      layout_loops_ring, minmay_temple_entry_wispy, minmay_misc_feat_five,
          chequers_serial_rivers_micro_b, minivault_23, st_stairs_6,
          grunt_ministairs_6, uniq_sigmund, uniq_grinder
D:7:      layout_rooms, lemuel_crystal_altar, mainiacjoe_overflow_catch_the_wave
D:8:      layout_gridville, grunt_gozag_statues, cheibriados_altar_1,
          kennysheep_cluttered_room, kennysheep_generic_room_4
D:9:      layout_roguey
D:10:     layout_roguey, mainiacjoe_overflow_cross_hatched, erik_orc_1,
          serial_shops, nicolae_shop_competitors_out_of_business,
          nicolae_shop_overgrown_old_shop, nicolae_shop_behind_doors, shop,
          shop, nicolae_wooded_promenade
D:11:     layout_roguey, minmay_lair_entry_grove, serial_shops,
          nicolae_shop_crystal
D:12:     layout_gridville, nzn_wu_jian_contemplation
D:13:     layout_roguey [special_room_orc], erik_vaults_1, minivault_16,
          nicolae_diode_stairs
D:14:     kennysheep_scales, layout_loops_cross, chequers_serial_rivers_large_a
D:15:     hangedman_depths_entry_try_elsewhere_first, layout_loops_ring,
          hangedman_decor_clover_reticule,
          nicolae_uskayaw_murder_on_the_dancefloor, uniq_louise, uniq_agnes
Temple:   grunt_temple_mini_profane
Lair:1:   layout_cave_pods, cheibrodos_lair_caveside_slide
Lair:2:   layout_cave_pods, portal_ice_cave_entry_pillars_1
Lair:3:   layout_long_grid, elwin_shoals_entry_rooms, dummy_snake_entry,
          lemuel_fruit_tree, lemuel_fruit_fields, uniq_fannar
Lair:4:   layout_regular_city, minmay_slime_entry_pillars, grunt_megastairs_4,
          infiniplex_staircase_pool_2, serial_bayou_shore_a,
          serial_bayou_shore_b
Lair:5:   evilmike_catoblepas_cave, layout_misc_corridors
Shoals:1: layout_shoals, hangedman_shoals_cup_caves, uniq_roxanne
Shoals:2: layout_shoals
Shoals:3: layout_shoals, nicolae_specific_store
Snake:1:  layout_rooms, serial_shops, shop, shop, nicolae_lakefront_shop,
          gammafunk_ghost_wrathful_warriors, uniq_asterion
Orc:1:    layout_diamond_mine
Orc:2:    st_orc_elflike, layout_diamond_mine, serial_shops,
          nicolae_shop_temple_entry_statues_fountains, nicolae_orc_rich_vein,
          uniq_azrael

Skill      XL: |  1  2  3  4  5  6  7  8  9 10 11 12 13 14 15 16 17 |
---------------+----------------------------------------------------+-----
Polearms       | 5 6 7 9 11 13 14 16 | 16.3
Fighting       | 3 4 5 6 7 8 10 12 14 16 18 19 20 | 20.3
Dodging        | 5 6 7 8 9 11 12 13 14 16 17 19 20 | 20.4
Shields        | 2 4 5 6 |  6.3
Throwing       | 4 6 7 9 11 13 14 | 14.0
Stealth        | 4 7 8 |  8.2

Action                     |  1- 3 |  4- 6 |  7- 9 | 10-12 | 13-15 | 16-18 || total
---------------------------+-------+-------+-------+-------+-------+-------++-------
  Melee: Trident           |    55 |       |       |   487 |  1321 |   767 ||  2630
         Spear             |    68 |   169 |   344 |   322 |       |       ||   903
         Punch             |     1 |     1 |     1 |       |       |       ||     3
         Tailslap          |       |       |       |     1 |     1 |    39 ||    41
  Throw: Throwing net      |       |     1 |     1 |     1 |       |       ||     3
         Javelin           |       |       |       |       |    11 |       ||    11
         Dart              |       |       |       |       |     1 |       ||     1
 Invoke: Heroism           |       |       |       |     9 |    37 |    13 ||    59
  Evoke: Wand              |       |       |       |       |     6 |       ||     6
    Use: Scroll            |       |       |     5 |     5 |    17 |    12 ||    39
         Potion            |       |       |       |     1 |     1 |     6 ||     8
   Stab: Sleeping          |       |     1 |     1 |       |    12 |     5 ||    19
         Held in net/web   |       |       |     2 |     1 |       |       ||     3
         Distracted        |       |       |       |       |     1 |       ||     1
 Armour: Leather armour    |    12 |       |       |    24 |    71 |    11 ||   118
         Ring mail         |     3 |    41 |    86 |    82 |       |       ||   212
         Scale mail        |       |       |       |       |   120 |    97 ||   217
  Dodge: Dodged            |    58 |    63 |   138 |   326 |   608 |   543 ||  1736
  Block: Buckler           |       |       |     5 |   118 |   199 |   181 ||   503

Table legend: (Time is in decaauts)
 A = Elapsed time spent in this place.
 B = Non-inter-level travel time spent in this place.
 C = Inter-level travel time spent in this place.
 D = Time resting spent in this place.
 E = Time spent auto-exploring this place.
 F = Levels seen in this place.
 G = Mean time per level.
                   A        B        C        D        E       F      G
               +--------+--------+--------+--------+--------+-----+--------+
         Total |  26945 |  23856 |   3089 |   4096 |  13831 |  28 |  962.3 |
       Dungeon |  14831 |  12709 |   2122 |   1692 |   8381 |  15 |  988.7 |
        Temple |     84 |     56 |     28 |      0 |     50 |   1 |   84.0 |
          Lair |   7196 |   6467 |    729 |   1374 |   3260 |   5 | 1439.2 |
        Shoals |   2407 |   2357 |     50 |    502 |   1167 |   3 |  802.3 |
     Snake Pit |     13 |     13 |      0 |      0 |      0 |   1 |   13.0 |
  Orcish Mines |   1938 |   1781 |    157 |    446 |    842 |   2 |  969.0 |
      Ice Cave |    473 |    473 |      0 |     82 |    130 |   1 |  473.0 |
               +--------+--------+--------+--------+--------+-----+--------+

Top non-repeatable levels by time:
  Lair:5: 2258 daAuts
    D:10: 1443 daAuts
  Lair:4: 1430 daAuts
     D:3: 1282 daAuts
    D:15: 1252 daAuts
  Lair:1: 1232 daAuts
  Lair:3: 1195 daAuts
    D:14: 1126 daAuts
    D:13: 1115 daAuts
    D:11: 1103 daAuts
  Lair:2: 1079 daAuts
   Orc:2: 1078 daAuts
Shoals:1: 1040 daAuts
     D:1: 1037 daAuts
     D:6: 902 daAuts
